 Dungeon Crawl Stone Soup version 0.18-a0-1577-gf591c28 (webtiles) character file.

182 M4edhros the Magician (level 5, -2/31 HPs)
             Began as an Octopode Wanderer on Mar 17, 2016.
             Slain by a gnoll
             ... wielding a +0 whip
              (12 damage)
             ... on level 3 of the Dungeon.
             The game lasted 00:06:54 (4108 turns).

M4edhros the Magician (Octopode Wanderer)           Turns: 4108, Time: 00:06:55

Health: -2/31      AC:  1    Str:  8    XL:     5   Next: 62%
Magic:  12/12      EV: 16    Int: 17    God:
Gold:   207        SH:  0    Dex: 18    Spells: 5 memorised, 3 levels left

rFire  + . .     SeeInvis +     (no weapon)
rCold  x . .     Gourm    .     (no shield)
rNeg   . . .     Faith    .     (helmet restricted)
rPois  .         Spirit   .     (no amulet)
rElec  .         Dismiss  .     p - ring of fire
rCorr  .         Reflect  .     v - ring of see invisible
SustAt .         Harm     .     (no ring)
MR     .....                    (no ring)
Stlth  ++++......               (no ring)
                                (no ring)
                                (no ring)
                                (no ring)

@: agile, not resistant to hostile enchantments, stealthy
A: almost no armour, amphibious, 8 rings, constrict 8, camouflage 1, gelatinous
body 1
a: no special abilities


You were on level 3 of the Dungeon.
You were not hungry.

You visited 1 branch of the dungeon, and saw 3 of its levels.

You collected 207 gold pieces.

Inventory:

Hand Weapons
 d - a +0 dagger
 e - a +0 hunting sling
 s - a +0 hunting sling
Jewellery
 p - a ring of fire (left tentacle)
 v - a ring of see invisible (right tentacle)
Scrolls
 b - 3 scrolls of teleportation
 k - 2 scrolls of immolation
 l - a scroll of fear {unknown}
 m - a scroll of random uselessness {unknown}
 r - a scroll of remove curse
 x - 2 scrolls of enchant armour {unknown}
Potions
 j - a potion of ambrosia
 q - 2 potions of agility
 t - a potion of cancellation {unknown}
 w - a potion of brilliance {unknown}
 z - 3 potions of berserk rage {unknown}
Books
 a - a book of Minor Magic

   Spells                             Type                      Level
   a - Magic Dart                     Conjuration                  1
   b - Blink                          Translocation                2
   c - Call Imp                       Summoning                    2
   d - Repel Missiles                 Charms/Air                   2
   e - Slow                           Hexes                        2
   f - Conjure Flame                  Conjuration/Fire             3
   g - Mephitic Cloud                 Conjuration/Poison/Air       3
 c - the Reference Book on Confrontation

   Spells                             Type                      Level
   a - Magic Dart                     Conjuration                  1
   b - Conjure Flame                  Conjuration/Fire             3
Comestibles
 f - 2 bread rations
 g - a slice of pizza
 h - a chunk of flesh
 i - 2 meat rations
 n - 3 fruits


   Skills:
 - Level 1.3 Stealth
 - Level 5.0 Spellcasting
 + Level 3.8 Conjurations
   Level 1.0 Necromancy
 + Level 2.1 Air Magic
 + Level 1.2 Poison Magic
   Level 1.1 Evocations


You had 3 spell levels left.
You knew the following spells:

 Your Spells              Type           Power        Failure   Level  Hunger
a - Magic Dart            Conj           ###.         2%          1    None
b - Mephitic Cloud        Conj/Pois/Air  ##......     17%         3    ###....
c - Blink                 Tloc           N/A          24%         2    #......
d - Repel Missiles        Chrm/Air       #.....       17%         2    #......
e - Conjure Flame         Conj/Fire      ###.....     21%         3    ###....


Dungeon Overview and Level Annotations

Branches:
Dungeon (3/15)

Altars:


Innate Abilities, Weirdness & Mutations

You cannot wear most types of armour.
You are amphibious.
You can wear up to eight rings at the same time.
You can use your tentacles to constrict eight enemies at once.
Your skin changes colour to match your surroundings (Stealth).
Your rubbery body absorbs attacks (AC +1).


Message History

Throwing (i - inventory):
u - 2 javelins (quivered)
Press: ? - help, Shift-Dir - straight line, f/p - gnoll
Aim: a gnoll, wielding a spear (heavily wounded)
You throw a javelin. The javelin hits the gnoll.
The gnoll is moderately wounded.
Throwing (i - inventory):
u - a javelin (quivered)
Press: ? - help, Shift-Dir - straight line, f/p - gnoll
Aim: a gnoll, wielding a spear (heavily wounded)
You throw a javelin.
The javelin hits the gnoll but does no damage.
The gnoll is moderately wounded.
The gnoll hits you with a whip!
The gnoll hits you from afar with a spear!
* * * LOW HITPOINT WARNING * * *
Drink which item? (? for menu, Esc to quit)
Okay, then.
Drink which item? (? for menu, Esc to quit)
You feel agile all of a sudden. The gnoll hits you with a whip!
You die...

#.##..# ..#
#.##..# #
###.#...#.###
#...........<
#............
#..##.###.###
#..##g# .#
#.o##g# .#
#..##@#
##.K##.#
#...##.###.
#..(.......
#.#.##.....
##.#).......
##
#...(##.#.##
..
#..#(##.#.#
.# #..#.# ...


You could see 2 gnolls.

Vanquished Creatures
  Natasha (twice) (D:2)
  2 gnolls
  3 adders
  An ooze (D:2)
  A worm (D:2)
  6 dart slugs
  A giant gecko (D:2)
  4 orcs (D:3)
  2 ball pythons (D:1)
  6 bats
  3 giant cockroaches
  2 goblins
  7 hobgoblins
  4 jackals (D:1)
  A quokka (D:3)
  A giant newt (D:1)
  9 kobolds
  10 rats
  2 plants (D:1)
67 creatures vanquished.

Notes
Turn   | Place    | Note
--------------------------------------------------------------
     0 | D:1      | M4edhros the Octopode Wanderer began the quest for the Orb.
     0 | D:1      | M4edhros set off with: a book of Minor Magic, a scroll of teleportation, the Reference Book on Confrontation, a +0 dagger, a bread ration
     0 | D:1      | Reached XP level 1. HP: 11/11 MP: 5/5
     0 | D:1      | Identified the Reference Book on Confrontation
     2 | D:1      | Learned a level 1 spell: Magic Dart
    50 | D:1      | Reached XP level 2. HP: 17/17 MP: 0/7
   362 | D:1      | Reached XP level 3. HP: 14/21 MP: 9/9
   734 | D:1      | Learned a level 3 spell: Mephitic Cloud
   737 | D:1      | Learned a level 2 spell: Blink
   747 | D:1      | Learned a level 2 spell: Repel Missiles
   840 | D:1      | Reached skill level 5 in Spellcasting
  1008 | D:1      | Learned a level 3 spell: Conjure Flame
  2003 | D:2      | Reached XP level 4. HP: 18/27 MP: 7/11
  2349 | D:2      | Noticed Natasha
  2634 | D:2      | Killed Natasha
  2634 | D:2      | Reached skill level 1 in Air Magic
  2704 | D:2      | Noticed Natasha
  2823 | D:2      | Killed Natasha
  2823 | D:2      | Reached XP level 5. HP: 26/31 MP: 12/12
  4108 | D:3      | Slain by a gnoll

Vault maps used:
D:1:      evilmike_arrival_hilbert_curve, serial_forest,
          infiniplex_forest_clump_curved, infiniplex_forest_clump_double,
          infiniplex_forest_lined_3, infiniplex_forest_straight_3,
          infiniplex_forest_split, infiniplex_forest_lined_corner,
          infiniplex_forest_straight_2, infiniplex_forest_lined_room_3,
          infiniplex_forest_split, fountainhead, nrook_mini_backslash,
          minmay_strange_pillars, minmay_close_crescents
D:2:      hangedman_glass_teeth, kennysheep_generic_room_3, uniq_natasha
D:3:      kennysheep_big_flooded_room, marbit_many_paths

Skill      XL: |  1  2  3  4  5 |
---------------+----------------+-----
Spellcasting   | 5 |  5.0
Conjurations   | 3 |  3.8
Air Magic      | 1 2 |  2.1
Stealth        | |  1.3
Necromancy     | |  1.0
Poison Magic   | |  1.2
Evocations     | |  1.1

Action                   |  1- 3 |  4- 6 || total
-------------------------+-------+-------++-------
Melee: Dagger            |    20 |       ||    20
       Unarmed           |   133 |    99 ||   232
Throw: Javelin           |       |     5 ||     5
 Cast: Magic Dart        |    18 |     5 ||    23
       Mephitic Cloud    |     1 |       ||     1
       Repel Missiles    |     1 |       ||     1
  Use: Scroll            |     3 |       ||     3
       Potion            |     1 |     4 ||     5
 Stab: Sleeping          |     5 |     3 ||     8
  Eat: Chunk             |     3 |     7 ||    10
